 Dungeon Crawl Stone Soup version 0.28-a0-500-g121bc3e445 (webtiles) character file.

Game seed: 15380695410308064939

3327 speeev33 the Fighter (level 9, -5/83 HPs)
             Began as a Minotaur Berserker on Sept 19, 2021.
             Was a High Priest of Trog.
             Slain by a two-headed ogre (28 damage)
             ... on level 7 of the Dungeon.
             The game lasted 00:13:05 (8337 turns).

speeev33 the Fighter (Minotaur Berserker)           Turns: 8337, Time: 00:13:06

Health: -5/83      AC:  8    Str: 25    XL:     9   Next: 71%
Magic:  8/8        EV: 12    Int:  4    God:    Trog [*****.]
Gold:   308        SH: 15    Dex: 10    Spells: 8/8 levels left

rFire   + . .      SeeInvis .   l - +0 trident
rCold   + . .      Faith    .   d - +1 tower shield
rNeg    . . .      Spirit   .   p - +0 ring mail {rF+}
rPois   .          Reflect  .   (helmet restricted)
rElec   .          Harm     .   (no cloak)
rCorr   .          Rampage  .   (no gloves)
Will    .....                   g - +0 pair of boots
Stlth   ..........              m - amulet of the acrobat
HPRegen 0.23/turn               e - +4 ring of evasion
MPRegen 0.11/turn               j - ring of protection from cold

@: no status effects
A: horns 2, retaliatory headbutt
a: Renounce Religion, Berserk, Trog's Hand, Brothers in Arms


You were on level 7 of the Dungeon.
You worshipped Trog.
Trog was extremely pleased with you.
You visited 1 branch of the dungeon, and saw 7 of its levels.

You collected 308 gold pieces.

Inventory:

Hand Weapons
 l - a +0 trident (weapon)
Missiles
 n - a throwing net (quivered)
Armour
 d - a +1 tower shield (worn)
 g - a +0 pair of boots (worn)
 p - a +0 ring mail of fire resistance (worn)
Jewellery
 e - a +4 ring of evasion (left hand)
 j - a ring of protection from cold (right hand)
 m - an amulet of the acrobat (around neck)
Wands
 r - a wand of charming (6)
Scrolls
 a - a scroll of immolation {unknown}
 h - 5 scrolls of teleportation
 i - 2 scrolls of blinking
 o - a scroll of fear
Potions
 b - 2 potions of flight
 c - a potion of magic
 f - a potion of mutation
 k - a potion of curing
 q - a potion of heal wounds


   Skills:
 + Level 9.1 Fighting
 + Level 9.0 Polearms
 + Level 8.5 Armour
 - Level 2.1 Dodging
 * Level 8.4 Shields


You had 8 spell levels left.
You didn't know any spells.
Your spell library was empty.

Dungeon Overview and Level Annotations

Branches:
Dungeon (7/15)             Temple (0/1) D:6

Altars:
Ashenzari
Elyvilon
Hepliaklqana
Kikubaaqudgha
Nemelex Xobeh
Sif Muna
Vehumet

Annotations:
D:5 3 runed translucent doors, EmilyW's ghost, amateur MiFi


Innate Abilities, Weirdness & Mutations

You have a pair of horns on your head.
You reflexively headbutt those who attack you in melee.


Message History

r - a wand of charming (6) Reach: l) +0 trident
Press: ? - help, Dir - move target, f - you
Okay, then.
Okay, then.
You open the door.
There is an open door here.
There is an open door here.
You open the door.
There is an open door here.
A two-headed ogre comes into view. It is wielding two +0 giant clubs.
The two-headed ogre shouts in stereo!
A two-headed ogre is nearby!
Okay, then.
Throw: throwing net
Press: ? - help, Q - select action, (/) - cycle Shift-Dir - straight line, f - two-headed ogre
Aim: a two-headed ogre, wielding two +0 giant clubs (75% to hit)
You throw a throwing net.
The throwing net barely misses the two-headed ogre.
You hit the two-headed ogre.
The two-headed ogre is lightly wounded.
You block the two-headed ogre's attack.
The two-headed ogre hits you with a +0 giant club!!
You puncture the two-headed ogre!
The two-headed ogre is moderately wounded.
The two-headed ogre hits you with a +0 giant club!
The two-headed ogre hits you with a +0 giant club!!
You hit the two-headed ogre but do no damage.
You headbutt the two-headed ogre, but do no damage.
The two-headed ogre is moderately wounded.
The two-headed ogre hits you with a +0 giant club!
* * * LOW HITPOINT WARNING * * *
The two-headed ogre misses you.
You block the two-headed ogre's attack. x2
You see here a throwing net.
n - a throwing net The two-headed ogre barely misses you.
You furiously retaliate!
You headbutt the two-headed ogre.
The two-headed ogre hits you with a +0 giant club!!
You die...

### ..# ###########
#.########.....O@..#
.........#..######.#
#.######.......# #.#
######## #.#
##......###.###......#
#.#
##...#..........###.#
..# #..######.###..#
#.# #######
#..######.# #.|# #.#
#.....# #.........#
#..###.#
#.(...#####+########
#......#


You could see a two-headed ogre.

Vanquished Creatures
  Pikel (D:5)
  Prince Ribbit (D:5)
  A steam dragon (D:7)
  Edmund (D:6)
  A water moccasin (D:6)
  Duvessa (D:5)
  A sky beast (D:6)
  3 ice beasts
  2 necrophages
  A centaur (D:7)
  2 lemures (D:5)
  A bullfrog (D:7)
  3 scorpions
  A wyvern skeleton (D:7)
  3 water moccasin skeletons
  A howler monkey (D:4)
  A bullfrog zombie (D:6)
  5 centaur skeletons
  A jelly (D:6)
  2 orc priests
  A bullfrog skeleton (D:6)
  5 iguanas
  13 orc wizards
  A howler monkey zombie (D:5)
  8 adders
  A howler monkey skeleton (D:4)
  2 ufetubi (D:5)
  A worm (D:2)
  3 dart slugs (D:2)
  24 orcs
  8 ball pythons
  9 bats
  9 endoplasms
  8 giant cockroaches
  11 goblins
  4 hobgoblins
  4 jackals (D:1)
  6 kobolds
  3 quokkas
  2 frilled lizards
  8 rats
  2 bushes (D:3)
166 creatures vanquished.

Vanquished Creatures (collateral kills)
  A scorpion (D:5)
  Dowan (D:5)
2 creatures vanquished.

Grand Total: 168 creatures vanquished

Notes
Turn   | Place    | Note
-------+----------+-------------------------------------------
     0 | D:1      | speeev33 the Minotaur Berserker began the quest for the
                  | Orb.
     0 | D:1      | Reached XP level 1. HP: 19/19 MP: 0/0
   154 | D:1      | Reached XP level 2. HP: 27/27 MP: 1/1
   564 | D:1      | Reached XP level 3. HP: 33/33 MP: 2/2
   588 | D:1      | Reached ** piety under Trog
  1345 | D:2      | Reached skill level 1 in Shields
  1429 | D:2      | Reached XP level 4. HP: 41/41 MP: 3/3
  1604 | D:2      | Reached *** piety under Trog
  1949 | D:3      | Reached XP level 5. HP: 47/47 MP: 4/4
  2067 | D:3      | Reached skill level 5 in Fighting
  2085 | D:3      | Found a radiant altar of Vehumet.
  2152 | D:3      | Found an ancient bone altar of Kikubaaqudgha.
  2162 | D:3      | Reached skill level 5 in Polearms
  2182 | D:3      | Reached XP level 6. HP: 5/56 MP: 5/5
  2436 | D:3      | Found a shimmering blue altar of Sif Muna.
  2858 | D:3      | Found a faded altar of an unknown god.
  3693 | D:4      | Reached **** piety under Trog
  3712 | D:4      | Reached skill level 5 in Armour
  3712 | D:4      | Reached XP level 7. HP: 48/62 MP: 6/6
  4663 | D:4      | Found a white marble altar of Elyvilon.
  4674 | D:4      | Found a broken altar of Ashenzari.
  4976 | D:5      | Entered Level 5 of the Dungeon
  4976 | D:5      | Noticed Duvessa
  4976 | D:5      | Noticed Dowan
  4981 | D:5      | Killed Dowan
  4988 | D:5      | Killed Duvessa
  5350 | D:5      | Noticed Prince Ribbit
  5373 | D:5      | Killed Prince Ribbit
  5374 | D:5      | Reached skill level 5 in Shields
  5374 | D:5      | Reached XP level 8. HP: 59/71 MP: 7/7
  5638 | D:5      | Found a runed translucent gate.
  5642 | D:5      | Found a runed translucent gate.
  5643 | D:5      | Found a runed translucent gate.
  5653 | D:5      | Noticed EmilyW's ghost (amateur MiFi)
  5821 | D:5      | Noticed Pikel
  5853 | D:5      | Killed Pikel
  6309 | D:6      | Reached XP level 9. HP: 72/81 MP: 8/8
  6408 | D:6      | Identified the +2 flail "Leamon" {drain, Will+ Int+2
                  | Stlth+}
  6699 | D:6      | Found a staircase to the Ecumenical Temple.
  7136 | D:6      | Noticed Edmund
  7146 | D:6      | Killed Edmund
  7772 | D:7      | Found a hazy altar of Hepliaklqana.
  8061 | D:7      | Found a sparkling altar of Nemelex Xobeh.
  8228 | D:7      | Reached ***** piety under Trog
  8317 | D:7      | Noticed a two-headed ogre
  8337 | D:7      | Slain by a two-headed ogre

Illustrated notes

Levels and vault maps discovered:
D:1:      lightli_arrival_chessboard, layout_basic, serial_park_tiny_2,
          kennysheep_boxes
D:2:      minmay_razor_zed, layout_rooms
D:3:      layout_basic, palyth_temple_overflow_mages, basic_ecumenical_altar,
          serial_forest, infiniplex_forest_diagonal,
          infiniplex_forest_clump_small, infiniplex_forest_lined_room_,
          infiniplex_forest_end_2, infiniplex_forest_lined_corner,
          infiniplex_forest_straight_4, infiniplex_forest_end_1,
          infiniplex_forest_clump_C, infiniplex_forest_split,
          kennysheep_generic_room_16
D:4:      layout_basic, mainiacjoe_overflow_swirl
D:5:      layout_basic, serial_corexii_hall, corexii_hall_statues_x,
          chequers_hall_statues_corner_a, corexii_hall_statues_x,
          corexii_hall_statues_l, gammafunk_ghost_split, uniq_duvessa,
          uniq_prince_ribbit1, uniq_pikel
D:6:      layout_cave_pods, minmay_temple_entry_statues_fountains, uniq_edmund
D:7:      layout_loops_corners, nemelex_xobeh_ov_fountains_minmay,
          nicolae_hepliaklqana_hippocampus

Skill      XL: |  1  2  3  4  5  6  7  8  9 |
---------------+----------------------------+-----
Fighting       | 4 5 6 8 9 |  9.1
Polearms       | 4 5 6 8 9 |  9.0
Armour         | 3 4 5 6 7 8 |  8.5
Shields        | 1 2 3 5 6 8 |  8.4
Dodging        | |  2.1

Action                   |  1- 3 |  4- 6 |  7- 9 || total
-------------------------+-------+-------+-------++-------
Melee: Spear             |   126 |   288 |   298 ||   712
       Headbutt          |    19 |    85 |    56 ||   160
       Trident           |       |       |    40 ||    40
Throw: Throwing net      |       |       |     1 ||     1
Invok: Berserk           |       |     1 |     4 ||     5
       Brothers in Arms  |       |       |     1 ||     1
  Use: Scroll            |     3 |     3 |     6 ||    12
       Potion            |       |     2 |       ||     2
 Stab: Sleeping          |     2 |       |       ||     2
       Distracted        |       |       |     1 ||     1
Armor: Animal skin       |     8 |       |       ||     8
       Ring mail         |     1 |    47 |    56 ||   104
Dodge: Dodged            |    73 |    65 |   156 ||   294
Block: Tower shield      |       |       |    37 ||    37

Table legend: (Time is in decaauts)
 A = Elapsed time spent in this place.
 B = Non-inter-level travel time spent in this place.
 C = Inter-level travel time spent in this place.
 D = Time resting spent in this place.
 E = Time spent auto-exploring this place.
 F = Levels seen in this place.
 G = Mean time per level.
                   A        B        C        D        E       F      G
               +--------+--------+--------+--------+--------+-----+--------+
         Total |   8254 |   7910 |    344 |   1082 |   5380 |   7 | 1179.1 |
       Dungeon |   8254 |   7910 |    344 |   1082 |   5380 |   7 | 1179.1 |
               +--------+--------+--------+--------+--------+-----+--------+

Top non-repeatable levels by time:
     D:4: 1536 daAuts
     D:3: 1506 daAuts
     D:5: 1309 daAuts
     D:1: 1154 daAuts
     D:6: 1058 daAuts
     D:7: 934 daAuts
     D:2: 755 daAuts
